[Event "Titled Tuesday Blitz August 22 Late 2023"]
[White "Estrada Nieto, Julian"]
[Black "Nakamura, Hikaru"]
[WhiteFideId "5101018"]
[BlackFideId "2016192"]
[WhiteElo "2526"]
[BlackElo "3222"]
[Result "0-1"]
[Round "1"]
[TimeControl "180+1"]
[Date "2023.08.22"]
[WhiteClock "0:00:08"]
[BlackClock "0:02:06"]
[Board "1"]

1. e4 a6 2. d4 c6 3. Nc3 d5 4. h3 dxe4 5. Nxe4 Bf5 6. Ng3 Bg6 7. Nf3 Nd7 8. Bd3 e6 9. O-O Ngf6 10. Bf4 Nd5 11. Bxg6 Nxf4 12. Bd3 Bd6 13. Ne4 Bc7 14. Re1 Qe7 15. Bf1 O-O-O 16. c3 f5 17. Ng3 g6 18. Bc4 e5 19. dxe5 Nxe5 20. Nd4 c5 21. Qc1 cxd4 22. cxd4 Rxd4 23. Bf1 Qd6 24. Qc3 Rd8 25. Rac1 Kb8 0-1


[Site "https://www.chess.com"]

[Event "Titled Tuesday Blitz August 22 Late 2023"]
[White "Naroditsky, Daniel"]
[Black "Fernandez, Nelson Wilfredo"]
[WhiteFideId "2026961"]
[BlackFideId "8401594"]
[WhiteElo "3171"]
[BlackElo "2525"]
[Result "1-0"]
[Round "1"]
[TimeControl "180+1"]
[Date "2023.08.22"]
[WhiteClock "0:00:48"]
[BlackClock "0:00:00"]
[Board "2"]

1. e4 c6 2. d4 d5 3. exd5 cxd5 4. Nf3 Nc6 5. Bb5 Nf6 6. c4 a6 7. Bxc6+ bxc6 8. O-O a5 9. Ne5 Bd7 10. Nc3 e6 11. c5 Be7 12. Na4 O-O 13. Nb6 Ra7 14. Bg5 Be8 15. Qa4 Qc7 16. Rfe1 h6 17. Bh4 g5 18. Bg3 Nh5 19. Nxf7 Nxg3 20. Nxh6+ Kg7 21. hxg3 Kxh6 22. Rxe6+ Rf6 23. Nxd5 cxd5 24. Rxf6+ Bxf6 25. Qxe8 Qe7 26. Qc6 Kg6 27. Qxd5 Rd7 28. Qg8+ Qg7 29. Qe8+ Qf7 30. Qe4+ Kg7 31. Rd1 Qd5 32. Qxd5 Rxd5 33. c6 Bd8 34. Kf1 Kf7 35. Ke2 Ke6 36. Ke3 Kd6 37. Rc1 g4 38. Ke4 Bb6 39. Rc4 Rb5 40. b3 Rb4 41. f3 gxf3 42. gxf3 Rb5 43. f4 Rh5 44. g4 Rh1 45. g5 Re1+ 46. Kf5 Bd8 47. g6 Rg1 48. d5 Rg2 49. a3 Rg3 50. b4 a4 51. b5 Rb3 52. g7 Rg3 53. c7 Bxc7 54. Rc6+ Kd7 55. Rg6 1-0


[Site "https://www.chess.com"]

[Event "Titled Tuesday Blitz August 22 Late 2023"]
[White "Sreyas Payyappat"]
[Black "Nihal Sarin"]
[WhiteFideId "46674969"]
[BlackFideId "25092340"]
[WhiteElo "2525"]
[BlackElo "3155"]
[Result "0-1"]
[Round "1"]
[TimeControl "180+1"]
[Date "2023.08.22"]
[WhiteClock "0:00:00"]
[BlackClock "0:00:07"]
[Board "3"]

1. e4 g6 2. d4 Bg7 3. Nc3 c6 4. Be3 d5 5. Qd2 dxe4 6. Nxe4 Nf6 7. Nxf6+ exf6 8. Bd3 O-O 9. O-O-O Qd5 10. Kb1 Qxg2 11. Ne2 Qd5 12. h4 Bg4 13. Nf4 Qd6 14. Rdg1 f5 15. h5 Nd7 16. Rg3 Rfe8 17. hxg6 hxg6 18. f3 Rxe3 19. Qxe3 g5 20. Qg1 gxf4 21. Rg2 Nf6 22. Bxf5 Rd8 23. Bxg4 Qxd4 24. Bf5 Qxg1+ 25. Rhxg1 Nh5 26. Rg4 Kf8 27. Bd3 Rd4 28. Kc1 Rd6 29. Rh4 Ng3 30. Kb1 Rd4 31. Be4 Rb4 32. b3 Nxe4 33. fxe4 Rxe4 34. Rf1 Be5 35. Kc1 Ke7 36. Kd2 Ke6 37. Rf3 b5 38. c3 c5 39. Kd3 Kd5 40. Rh5 c4+ 41. bxc4+ Rxc4 42. Kd2 Ra4 43. Kd3 f6 44. Rf5 Ra3 45. R3xf4 Rxc3+ 46. Kd2 Ra3 47. Rb4 Rxa2+ 48. Kd3 Kc5 49. Rb1 a5 50. Re1 b4 51. Re4 Kb5 52. Rh4 Ra3+ 53. Kc2 Rc3+ 54. Kb1 a4 55. Rh6 Rc5 56. Rh4 b3 57. Rf3 Rd5 58. Rh1 Kb4 59. Rhf1 a3 0-1


[Site "https://www.chess.com"]

[Event "Titled Tuesday Blitz August 22 Late 2023"]
[White "Vachier-Lagrave, Maxime"]
[Black "Bettalli, Francesco"]
[WhiteFideId "623539"]
[BlackFideId "2816453"]
[WhiteElo "3131"]
[BlackElo "2524"]
[Result "1-0"]
[Round "1"]
[TimeControl "180+1"]
[Date "2023.08.22"]
[WhiteClock "0:00:22"]
[BlackClock "0:00:52"]
[Board "4"]

1. d4 Nf6 2. c4 c5 3. d5 a6 4. Nd2 e6 5. e4 exd5 6. e5 dxc4 7. exf6 d5 8. Nxc4 dxc4 9. Qxd8+ Kxd8 10. Bg5 Kc7 11. Bxc4 Nd7 12. fxg7 Bxg7 13. O-O-O Ne5 14. Bf4 Kb6 15. Be2 Be6 16. Rd6+ Ka7 17. Be3 b6 18. Nf3 Rad8 19. Rhd1 Rxd6 20. Rxd6 Nxf3 21. Bxf3 Be5 22. Rd1 Bf6 23. Bd5 Rd8 24. Bxe6 Rxd1+ 25. Kxd1 fxe6 26. b3 Kb7 27. Ke2 Kc6 28. g4 Kd5 29. g5 Bb2 30. h4 b5 31. h5 a5 32. Bd2 a4 33. bxa4 bxa4 34. Kd3 c4+ 35. Kc2 Bg7 36. h6 Bh8 37. Bc3 e5 38. f4 1-0


[Site "https://www.chess.com"]

[Event "Titled Tuesday Blitz August 22 Late 2023"]
[White "Real_taiatai"]
[Black "So, Wesley"]
[BlackFideId "5202213"]
[WhiteElo "2521"]
[BlackElo "3091"]
[Result "0-1"]
[Round "1"]
[TimeControl "180+1"]
[Date "2023.08.22"]
[WhiteClock "0:00:10"]
[BlackClock "0:00:06"]
[Board "5"]

1. d4 e6 2. Nf3 Nf6 3. g3 b5 4. Bg2 Bb7 5. O-O c5 6. c3 Be7 7. Nbd2 cxd4 8. cxd4 O-O 9. Re1 Na6 10. e4 Nb4 11. e5 Nfd5 12. Ne4 Rc8 13. Re2 f5 14. exf6 Nxf6 15. Nxf6+ Bxf6 16. Be3 Qe8 17. Qb3 a5 18. a3 Qh5 19. axb4 Bxf3 20. Bxf3 Qxf3 21. Rd2 a4 22. Qd3 Rc4 23. d5 Rxb4 24. dxe6 dxe6 25. Qd7 Rxb2 26. Qxe6+ Kh8 27. Qd6 Rg8 28. Rad1 Rxd2 29. Rxd2 Bc3 30. Rd3 b4 31. Bd4 Qxd3 32. Bxg7+ Bxg7 33. Qxd3 b3 34. Qb5 b2 35. Kg2 a3 36. Qb3 h6 37. h4 Ra8 38. Qd5 Rb8 39. Qd6 b1=Q 40. Qxa3 Qe4+ 41. Kh2 Rb1 42. f3 Qc2+ 43. Kh3 h5 44. Qa8+ Kh7 45. f4 Rb2 46. Qf3 Qf5+ 47. g4 hxg4+ 48. Qxg4 Rb3+ 49. Kh2 Qxg4 50. h5 Qxf4+ 51. Kg2 Rg3+ 52. Kh1 Kh6 53. Kh2 Kxh5 54. Kh1 Kg4 55. Kh2 Kf3 56. Kh1 Kf2 57. Kh2 Be5 58. Kh1 Qe4+ 59. Kh2 Rf3+ 60. Kh1 Rg3+ 61. Kh2 Re3# 0-1


[Site "https://www.chess.com"]

[Event "Titled Tuesday Blitz August 22 Late 2023"]
[White "Firouzja, Alireza"]
[Black "Poltorak, Sebastian"]
[WhiteFideId "12573981"]
[BlackFideId "1199498"]
[WhiteElo "3088"]
[BlackElo "2519"]
[Result "1-0"]
[Round "1"]
[TimeControl "180+1"]
[Date "2023.08.22"]
[WhiteClock "0:01:29"]
[BlackClock "0:00:04"]
[Board "6"]

1. e4 c6 2. Nc3 d5 3. Qf3 e6 4. d4 Nd7 5. Bd3 dxe4 6. Nxe4 Ngf6 7. c3 Nxe4 8. Qxe4 Nf6 9. Qe2 Qc7 10. Nf3 Bd6 11. O-O O-O 12. Bg5 h6 13. Bh4 Nd5 14. Bg3 Nf4 15. Bxf4 Bxf4 16. Rfe1 Bd7 17. Qe4 f5 18. Qe2 Rae8 19. Ne5 Bxe5 20. Qxe5 Qxe5 21. Rxe5 Kf7 22. Rae1 Kf6 23. f3 Rc8 24. Kf2 Rf7 25. h4 g6 26. g4 b6 27. Bc4 Re7 28. Kg3 c5 29. d5 Rce8 30. dxe6 Bxe6 31. g5+ hxg5 32. hxg5+ Kf7 33. Rxe6 Rxe6 34. Kf4 b5 35. Bd5 Re7 36. Re5 a5 37. Ke3 a4 38. b4 axb3 39. axb3 Re8 40. b4 cxb4 41. cxb4 Re7 42. f4 Re8 43. Kd4 Re7 44. Rxe6 Rxe6 45. Bxe6+ Kxe6 46. Kc5 Ke7 47. Kxb5 Kd6 48. Kc4 Kc6 49. b5+ Kb6 50. Kb4 Kb7 51. Kc5 Kc7 52. Kd5 Kb6 53. Ke5 Kxb5 54. Kf6 1-0


[Site "https://www.chess.com"]

[Event "Titled Tuesday Blitz August 22 Late 2023"]
[White "Ismayil, Malak"]
[Black "Duda, Jan-Krzysztof"]
[WhiteFideId "13412604"]
[BlackFideId "1170546"]
[WhiteElo "2517"]
[BlackElo "3084"]
[Result "0-1"]
[Round "1"]
[TimeControl "180+1"]
[Date "2023.08.22"]
[WhiteClock "0:00:00"]
[BlackClock "0:00:11"]
[Board "7"]

1. e4 g6 2. d4 Bg7 3. Nc3 d6 4. Be3 a6 5. Qd2 b5 6. f3 Bb7 7. Be2 Nd7 8. Nh3 e6 9. O-O Ne7 10. a4 b4 11. Nd1 c5 12. c3 Nc6 13. Ndf2 a5 14. Bh6 Bxh6 15. Qxh6 cxd4 16. cxd4 Nxd4 17. Bc4 Qb6 18. Rac1 Ne5 19. Rfd1 Rc8 20. Bf1 Rxc1 21. Rxc1 Ke7 22. Kh1 Nb3 23. Rd1 Qc5 24. f4 Nd7 25. Qg7 Qc8 26. Bb5 Qf8 27. Qxf8+ Rxf8 28. Ng5 h6 29. Nf3 Ndc5 30. e5 Rd8 31. exd6+ Rxd6 32. Rxd6 Kxd6 33. Ne5 Ke7 34. Kg1 Nd4 35. Nc4 Ncb3 36. Kf1 Bd5 37. Ne3 Nc5 38. Bc4 Bxc4+ 39. Nxc4 Nxa4 40. Nxa5 Nxb2 41. Ne4 Nd3 42. g3 f5 43. Nd2 g5 44. fxg5 hxg5 45. Nab3 Nxb3 46. Nxb3 g4 47. Ke2 Ne5 48. Nd4 Kd6 49. Nc2 Kc5 50. Ne3 Kd4 51. Nc2+ Kc3 52. Ne3 b3 53. Kf2 Nc4 54. Nd1+ Kd2 0-1


[Site "https://www.chess.com"]

[Event "Titled Tuesday Blitz August 22 Late 2023"]
[White "Sarana, Alexey"]
[Black "Olenik Campa, Rudi"]
[WhiteFideId "24133795"]
[BlackFideId "14633264"]
[WhiteElo "3066"]
[BlackElo "2517"]
[Result "1-0"]
[Round "1"]
[TimeControl "180+1"]
[Date "2023.08.22"]
[WhiteClock "0:02:23"]
[BlackClock "0:01:03"]
[Board "8"]

1. d4 Nf6 2. c4 g6 3. Nc3 Bg7 4. e4 O-O 5. Bd3 d6 6. Nge2 c5 7. d5 e6 8. Bg5 exd5 9. Nxd5 Be6 10. Nec3 Nc6 11. O-O Nd4 12. Kh1 a6 13. f4 Bxd5 14. Nxd5 Ne6 15. Bh4 h6 16. e5 dxe5 17. fxe5 Nxd5 18. Bxd8 Ne3 19. Qe2 Nxf1 20. Bf6 Ng3+ 21. hxg3 1-0


[Site "https://www.chess.com"]

[Event "Titled Tuesday Blitz August 22 Late 2023"]
[White "Nurgaliyeva, Zarina"]
[Black "Deac, Bogdan-Daniel"]
[WhiteFideId "13730096"]
[BlackFideId "1226380"]
[WhiteElo "2515"]
[BlackElo "3060"]
[Result "1-0"]
[Round "1"]
[TimeControl "180+1"]
[Date "2023.08.22"]
[WhiteClock "0:00:05"]
[BlackClock "0:00:04"]
[Board "9"]

1. e4 Nf6 2. e5 Nd5 3. d4 d6 4. c4 Nb6 5. exd6 cxd6 6. Nc3 g6 7. Bd3 Bg7 8. Nge2 Nc6 9. d5 Ne5 10. O-O Nxd3 11. Qxd3 Bf5 12. Qd1 a5 13. b3 a4 14. Be3 O-O 15. Bd4 axb3 16. axb3 Rxa1 17. Qxa1 Bxd4 18. Nxd4 Bc8 19. Ncb5 Nd7 20. Qa7 Nf6 21. h3 h5 22. Ra1 Kg7 23. Qb8 Qb6 24. Qa7 Qc5 25. Qxc5 dxc5 26. Nf3 Bd7 27. Nc3 Rb8 28. Ne5 Bf5 29. Ra7 Kf8 30. Na4 Ne4 31. f3 Nd6 32. Nxc5 Ke8 33. g4 hxg4 34. hxg4 Bc8 35. Kf2 g5 36. Ke3 f6 37. Ned3 b5 38. Ne4 bxc4 39. Nxd6+ exd6 40. bxc4 Rb1 41. Kd4 Rd1 42. Rc7 Bd7 43. Ke3 Kd8 44. Ra7 Ke8 45. Ke2 Rb1 46. c5 Bb5 47. c6 Rb3 48. Ra8+ Ke7 49. c7 Bxd3+ 50. Kd2 Ba6 51. Rxa6 Kd7 52. Rc6 Kc8 53. Rxd6 Rxf3 54. Rc6 Rf4 55. d6 Rd4+ 56. Ke3 Rd1 57. Ke4 Rd2 58. Kf5 Rd4 59. Kxf6 Rd1 60. Kxg5 1-0


[Site "https://www.chess.com"]

[Event "Titled Tuesday Blitz August 22 Late 2023"]
[White "Dubov, Daniil"]
[Black "Gurevich, Dmitry"]
[WhiteFideId "24126055"]
[BlackFideId "2000407"]
[WhiteElo "3046"]
[BlackElo "2515"]
[Result "1-0"]
[Round "1"]
[TimeControl "180+1"]
[Date "2023.08.22"]
[WhiteClock "0:00:39"]
[BlackClock "0:00:05"]
[Board "10"]

1. d4 d5 2. Nf3 e6 3. Bg5 Be7 4. h4 Nf6 5. e3 h6 6. Bf4 c5 7. c3 Nc6 8. Nbd2 Bd6 9. Ne5 Qc7 10. Ndf3 Ne4 11. Bd3 Bd7 12. Qc2 Nf6 13. Qe2 Rf8 14. O-O O-O-O 15. Rfc1 c4 16. Bc2 Nh5 17. Bh2 g6 18. b3 cxb3 19. axb3 Kb8 20. c4 Nxe5 21. dxe5 Bb4 22. cxd5 Qb6 23. Bd3 Ng7 24. Bf4 Nf5 25. Bxf5 gxf5 26. Nd4 Ka8 27. Bxh6 Rg8 28. Bg5 Rc8 29. Qh5 Rgf8 30. d6 Bc3 31. Rxc3 Rxc3 32. Be7 Rfc8 33. Qxf7 Qc5 34. Bf6 Bc6 35. d7 1-0


[Site "https://www.chess.com"]

[Event "Titled Tuesday Blitz August 22 Late 2023"]
[White "arenal72"]
[Black "Bortnyk, Olexandr"]
[BlackFideId "14120828"]
[WhiteElo "2515"]
[BlackElo "3041"]
[Result "0-1"]
[Round "1"]
[TimeControl "180+1"]
[Date "2023.08.22"]
[WhiteClock "0:00:00"]
[BlackClock "0:00:38"]
[Board "11"]

1. e4 Nf6 2. e5 Nd5 3. c4 Nb6 4. d4 d6 5. exd6 exd6 6. Nc3 Be7 7. Nf3 O-O 8. Bd3 Bg4 9. O-O Nc6 10. h3 Bh5 11. Bb1 Bf6 12. Be3 Bxf3 13. Qxf3 Nxc4 14. Nd5 Nxe3 15. fxe3 Bg5 16. g3 g6 17. h4 Bh6 18. h5 f5 19. Bd3 Kg7 20. Rae1 Rf7 21. hxg6 hxg6 22. Qf2 Qd7 23. Kg2 Rh8 24. e4 f4 25. Rh1 f3+ 26. Kf1 Be3 27. Qxe3 Rxh1+ 28. Kf2 Rh2+ 29. Kg1 Qh3 30. Nf4 Rg2+ 0-1


[Site "https://www.chess.com"]

[Event "Titled Tuesday Blitz August 22 Late 2023"]
[White "Bluebaum, Matthias"]
[Black "Rengifo Blancas, Renzo Jhonathan"]
[WhiteFideId "24651516"]
[BlackFideId "3807185"]
[WhiteElo "3029"]
[BlackElo "2514"]
[Result "1-0"]
[Round "1"]
[TimeControl "180+1"]
[Date "2023.08.22"]
[WhiteClock "0:01:55"]
[BlackClock "0:01:09"]
[Board "12"]

1. d4 d5 2. c4 c6 3. Nf3 Nf6 4. Nc3 dxc4 5. e4 b5 6. Qc2 g6 7. a4 b4 8. Ne2 Bg7 9. Ng3 O-O 10. Bxc4 a5 11. O-O Ba6 12. b3 Nbd7 13. Bb2 Qb6 14. Rac1 Rac8 15. Qe2 Bb7 16. e5 Nd5 17. e6 N7f6 18. exf7+ Rxf7 19. Ng5 Bh6 20. Nxf7 Kxf7 21. Rce1 Re8 22. Ne4 Kg7 23. Nc5 Bc8 24. Bc1 Bxc1 25. Rxc1 Qc7 26. Rfe1 Qf4 27. Qe5 Qh4 28. Bxd5 cxd5 29. Nd3 Bf5 30. Nf4 Kh6 31. Nxd5 Ng4 32. Qg3 Qg5 33. h3 Nf6 34. Qxg5+ Kxg5 35. f4+ 1-0


[Site "https://www.chess.com"]

[Event "Titled Tuesday Blitz August 22 Late 2023"]
[White "Ozkan, Taha"]
[Black "Mamedov, Rauf"]
[WhiteFideId "34577173"]
[BlackFideId "13401653"]
[WhiteElo "2513"]
[BlackElo "3027"]
[Result "0-1"]
[Round "1"]
[TimeControl "180+1"]
[Date "2023.08.22"]
[WhiteClock "0:00:19"]
[BlackClock "0:00:38"]
[Board "13"]

1. d4 Nf6 2. c4 g6 3. Nc3 Bg7 4. e4 d6 5. Nf3 O-O 6. Be2 Na6 7. Be3 e5 8. d5 Ng4 9. Bg5 f6 10. Bc1 f5 11. h3 Nf6 12. Ng5 Nc5 13. b4 Ncxe4 14. Ngxe4 Nxe4 15. Nxe4 fxe4 16. O-O Qh4 17. Be3 Bh6 18. Qd2 Bf4 19. g3 Qxh3 20. gxf4 Bg4 21. f3 Qg3+ 22. Kh1 exf3 23. Bd3 e4 24. Bxe4 Rae8 25. Rfe1 Rxe4 26. Qh2 Qxh2+ 27. Kxh2 Rxc4 28. Rac1 Rxc1 29. Rxc1 Re8 30. Bf2 Re7 31. Kg3 h5 32. a4 a6 33. b5 axb5 34. axb5 b6 35. Rc3 Kf7 36. Kh2 Ke8 37. Kg3 Kd7 38. Re3 Rxe3 39. Bxe3 Ke7 40. Bd4 Bd7 41. Kxf3 Bxb5 42. Ke4 Bf1 43. f5 Bg2+ 44. Kf4 gxf5 45. Kxf5 Bxd5 46. Kg5 Bf7 47. Bf6+ Kd7 48. Kf5 c5 49. Bh4 b5 50. Ke4 b4 51. Kd3 Kc6 52. Bg3 d5 53. Bh4 Bg6+ 54. Kd2 Kb5 55. Be7 c4 0-1


[Site "https://www.chess.com"]

[Event "Titled Tuesday Blitz August 22 Late 2023"]
[White "Martinez Alcantara, Jose Eduardo"]
[Black "szachmistrz2500"]
[WhiteFideId "3805662"]
[WhiteElo "3022"]
[BlackElo "2512"]
[Result "1-0"]
[Round "1"]
[TimeControl "180+1"]
[Date "2023.08.22"]
[WhiteClock "0:02:15"]
[BlackClock "0:00:42"]
[Board "14"]

1. e4 c5 2. Nf3 d6 3. c3 Nf6 4. h3 g6 5. Bd3 Bg7 6. Bc2 O-O 7. O-O e5 8. d4 exd4 9. cxd4 Nc6 10. d5 Nb4 11. Nc3 Nxc2 12. Qxc2 Re8 13. Re1 a6 14. a4 Rb8 15. Bf4 b5 16. axb5 axb5 17. e5 Nh5 18. Bh2 dxe5 19. Nxe5 Bb7 20. Nc6 Bxc6 21. dxc6 Rxe1+ 22. Rxe1 Rc8 23. c7 Qd7 24. Rd1 Bd4 25. Ne4 Qc6 26. Rxd4 f5 27. Qxc5 Qxc5 28. Nxc5 f4 29. Rd8+ 1-0


[Site "https://www.chess.com"]

[Event "Titled Tuesday Blitz August 22 Late 2023"]
[White "Lima, Kleyton Alcantara"]
[Black "Grischuk, Alexander"]
[WhiteFideId "22718397"]
[BlackFideId "4126025"]
[WhiteElo "2511"]
[BlackElo "3015"]
[Result "1/2-1/2"]
[Round "1"]
[TimeControl "180+1"]
[Date "2023.08.22"]
[WhiteClock "0:00:08"]
[BlackClock "0:00:06"]
[Board "15"]

1. e4 e6 2. d4 d5 3. Nc3 Bb4 4. e5 c5 5. a3 Bxc3+ 6. bxc3 Ne7 7. Qg4 cxd4 8. Bd3 Qa5 9. Ne2 Ng6 10. h4 Nc6 11. f4 h5 12. Qg3 Nce7 13. Bd2 dxc3 14. Nxc3 Qc5 15. Rb1 Bd7 16. Rxb7 Bc6 17. Rb1 O-O 18. Qf2 d4 19. Ne4 Bxe4 20. Bxe4 Rab8 21. O-O a5 22. Kh1 Nf5 23. Bxf5 exf5 24. g3 Rxb1 25. Rxb1 Qxc2 26. Rb7 Qe4+ 27. Qg2 Rc8 28. Qxe4 fxe4 29. Bxa5 d3 30. Rd7 Rc2 31. Kg1 Re2 32. Kf1 Re3 33. Bc3 Rxg3 34. e6 Rf3+ 35. Kg1 Rxf4 36. e7 Nxe7 37. Rxe7 Rxh4 38. Kf2 f5 39. Rxg7+ Kf8 40. Rd7 Rf4+ 41. Ke3 Rf3+ 42. Kd4 h4 43. Ke5 e3 44. Kf6 Ke8 45. Re7+ Kd8 46. Ke6 d2 47. Rd7+ Kc8 48. Bxd2 exd2 49. Rxd2 h3 50. Rh2 Kc7 51. Ke5 Kb6 52. Kf6 Ka5 53. Kg5 Ka4 54. Kh4 Rxa3 55. Rxh3 Ra1 56. Rf3 Rh1+ 57. Kg5 Kb4 58. Kxf5 Rc1 59. Kf4 Rc4+ 60. Kg3 Rc3 61. Rxc3 Kxc3 1/2-1/2


[Site "https://www.chess.com"]

[Event "Titled Tuesday Blitz August 22 Late 2023"]
[White "Hakobyan, Aram"]
[Black "Loay, Sameer"]
[WhiteFideId "13306677"]
[BlackFideId "8104239"]
[WhiteElo "3015"]
[BlackElo "2511"]
[Result "1/2-1/2"]
[Round "1"]
[TimeControl "180+1"]
[Date "2023.08.22"]
[WhiteClock "0:00:03"]
[BlackClock "0:00:06"]
[Board "16"]

1. e4 g6 2. d4 Bg7 3. Nc3 d6 4. f4 Nc6 5. Bb5 a6 6. Bxc6+ bxc6 7. Nf3 Nf6 8. O-O O-O 9. Qe2 Nd7 10. Be3 a5 11. Rfe1 Nb6 12. a4 d5 13. e5 Bg4 14. b3 f6 15. exf6 exf6 16. h3 Bf5 17. g4 Be4 18. Qf2 Qd6 19. Nh4 f5 20. g5 Rae8 21. Nf3 Bxf3 22. Qxf3 Nd7 23. Rad1 Re7 24. Bf2 Rfe8 25. Rxe7 Rxe7 26. h4 Nf8 27. h5 gxh5 28. Ne2 Ng6 29. Ng3 Qxf4 30. Qxf4 Nxf4 31. Nxf5 Re2 32. Bg3 Ne6 33. Nxg7 Kxg7 34. b4 Rxc2 35. bxa5 Ra2 36. Rc1 Nxg5 37. Rxc6 h4 38. Be5+ Kf7 39. Kf1 Rxa4 40. Rxc7+ Kg6 41. Rc5 Kf5 42. Rxd5 Ke4 43. Rb5 Kf3 44. Rb3+ Kg4 45. d5 Rxa5 46. Rd3 Nf3 47. Bc7 Ra1+ 48. Ke2 Ra2+ 49. Ke3 Ng5 50. d6 Ne6 51. d7 Ra7 52. d8=Q Nxd8 53. Bxd8 h3 54. Rd4+ Kg3 55. Bf6 Ra3+ 56. Ke2 Kg2 57. Be5 Ra2+ 58. Ke3 Ra3+ 59. Ke2 Ra2+ 60. Ke3 Ra3+ 61. Kd2 Ra2+ 62. Ke1 Ra1+ 63. Ke2 Ra2+ 1/2-1/2


[Site "https://www.chess.com"]

[Event "Titled Tuesday Blitz August 22 Late 2023"]
[White "Miszler, Levente"]
[Black "Sadhwani, Raunak"]
[WhiteFideId "763276"]
[BlackFideId "35093487"]
[WhiteElo "2508"]
[BlackElo "3014"]
[Result "0-1"]
[Round "1"]
[TimeControl "180+1"]
[Date "2023.08.22"]
[WhiteClock "0:00:00"]
[BlackClock "0:01:24"]
[Board "17"]

1. Nf3 Nf6 2. c4 g6 3. g3 Bg7 4. Bg2 O-O 5. O-O c5 6. Nc3 Nc6 7. d3 e6 8. a3 d5 9. cxd5 exd5 10. d4 c4 11. Ne5 Be6 12. Nxc6 bxc6 13. e4 dxe4 14. Nxe4 Nxe4 15. Bxe4 Qxd4 16. Bxc6 Rab8 17. Qa4 c3 18. Qxd4 Bxd4 19. bxc3 Bxc3 20. Bf4 Rb6 21. Be4 Bxa1 22. Rxa1 Bh3 23. Be3 Re6 24. Bd5 Rd6 25. Bg2 Bxg2 26. Kxg2 Ra6 27. Bc5 Rc8 28. Bb4 Ra4 29. Rd1 a5 30. Be7 Re4 31. Rd7 Re8 32. Bc5 Rc4 33. Bb6 a4 34. Ra7 h5 35. h4 Rb8 36. Ba5 Rb2 37. Ra6 Kg7 38. Rd6 Ra2 39. Rd3 f6 40. Bb4 Rcc2 41. Rf3 Rc6 42. Re3 Rb2 43. Rf3 Kf7 44. Bc3 Rb3 0-1


[Site "https://www.chess.com"]

[Event "Titled Tuesday Blitz August 22 Late 2023"]
[White "Esipenko, Andrey"]
[Black "Mathieu, Phileas"]
[WhiteFideId "24175439"]
[BlackFideId "36048410"]
[WhiteElo "3013"]
[BlackElo "2508"]
[Result "0-1"]
[Round "1"]
[TimeControl "180+1"]
[Date "2023.08.22"]
[WhiteClock "0:00:00"]
[BlackClock "0:01:15"]
[Board "18"]

1. d4 Nf6 2. Nf3 e6 3. c3 c5 4. Bf4 Qb6 5. Qc1 Nc6 6. e3 d5 7. h3 Bd7 8. Nbd2 Rc8 9. Bd3 Be7 10. O-O O-O 11. Qb1 Rfd8 12. a3 cxd4 13. exd4 Be8 14. Re1 h6 15. Qc2 Bd6 16. Bxd6 Rxd6 17. Nf1 Na5 18. Qe2 a6 19. a4 Nc4 20. Reb1 Rdd8 21. Ng3 Qc7 22. Re1 Ra8 23. Bxc4 dxc4 24. a5 Rdb8 25. Ne5 Bb5 26. Nh5 Nxh5 27. Qxh5 b6 28. Re3 Be8 29. Ng4 Kh7 30. Qe5 Qxe5 31. Nxe5 bxa5 32. Nxc4 a4 0-1


[Site "https://www.chess.com"]

[Event "Titled Tuesday Blitz August 22 Late 2023"]
[White "Kovalevsky, Stanislav"]
[Black "Nguyen, Ngoc Truong Son"]
[WhiteFideId "13508598"]
[BlackFideId "12401110"]
[WhiteElo "2508"]
[BlackElo "3006"]
[Result "0-1"]
[Round "1"]
[TimeControl "180+1"]
[Date "2023.08.22"]
[WhiteClock "0:00:16"]
[BlackClock "0:00:42"]
[Board "19"]

1. c4 g6 2. Nc3 Bg7 3. g3 e5 4. Bg2 f5 5. d3 Nf6 6. e4 O-O 7. Bg5 d6 8. Qd2 Nc6 9. Nge2 Nd4 10. Nxd4 exd4 11. Nd5 fxe4 12. dxe4 c6 13. Nxf6+ Bxf6 14. Bxf6 Qxf6 15. O-O Be6 16. b3 Rae8 17. f4 c5 18. Rae1 b6 19. e5 dxe5 20. Rxe5 Bf7 21. Rfe1 Rxe5 22. Rxe5 Re8 23. Qe2 Rxe5 24. fxe5 Qe7 25. Bd5 Be6 26. Qg4 Bxd5 27. Qc8+ Kg7 28. cxd5 Qxe5 29. Qd7+ Kf6 30. d6 Qe1+ 31. Kg2 Qe2+ 32. Kg1 d3 33. Qd8+ Kg7 34. Qc7+ Kh6 35. d7 d2 36. d8=Q d1=R+ 37. Qxd1 Qxd1+ 38. Kg2 Qe2+ 39. Kh3 Qf1+ 40. Kh4 Qf2 41. Kh3 b5 42. Qd8 Qf1+ 43. Kh4 Qf5 44. Qd2+ g5+ 0-1


[Site "https://www.chess.com"]

[Event "Titled Tuesday Blitz August 22 Late 2023"]
[White "Matlakov, Maxim"]
[Black "Filgueiras, Nathan Felipe"]
[WhiteFideId "4168003"]
[BlackFideId "2188562"]
[WhiteElo "3001"]
[BlackElo "2506"]
[Result "1-0"]
[Round "1"]
[TimeControl "180+1"]
[Date "2023.08.22"]
[WhiteClock "0:00:49"]
[BlackClock "0:00:06"]
[Board "20"]

1. d4 Nf6 2. Nf3 e6 3. Bg5 h6 4. Bh4 b6 5. Nbd2 Bb7 6. e3 Be7 7. Bd3 c5 8. Qe2 O-O 9. c3 d5 10. Ne5 Nc6 11. f4 Ne4 12. Bxe7 Nxe7 13. O-O Qc7 14. Nxe4 dxe4 15. Bc2 Rac8 16. Rad1 f6 17. Ng4 f5 18. Ne5 cxd4 19. Rxd4 Rcd8 20. Bb3 Bd5 21. Rfd1 Bxb3 22. axb3 Rxd4 23. Rxd4 Rd8 24. Qc4 Qc8 25. Rxd8+ Qxd8 26. Qxe6+ Kh7 27. h3 h5 28. Kh2 g6 29. Qf7+ Kh6 30. Qf6 Qe8 31. Nf7+ Kh7 32. Ng5+ Kg8 33. c4 Nc6 34. b4 Nd8 35. b5 Nb7 36. b4 Nd8 37. c5 Nb7 38. c6 1-0


[Site "https://www.chess.com"]

[Event "Titled Tuesday Blitz August 22 Late 2023"]
[White "Vafin, Ayrat"]
[Black "Andreikin, Dmitry"]
[WhiteFideId "4146530"]
[BlackFideId "4158814"]
[WhiteElo "2505"]
[BlackElo "2993"]
[Result "0-1"]
[Round "1"]
[TimeControl "180+1"]
[Date "2023.08.22"]
[WhiteClock "0:00:00"]
[BlackClock "0:02:07"]
[Board "21"]

1. Nf3 g6 2. d4 Nf6 3. c4 Bg7 4. Nc3 O-O 5. e4 d6 6. g3 Bg4 7. Bg2 Nc6 8. Be3 e5 9. d5 Nd4 10. h3 Bxf3 11. Bxf3 Nd7 12. Bg2 f5 13. exf5 gxf5 14. f4 b5 15. cxb5 Qb8 16. O-O Nxb5 17. Qd2 e4 18. Nxb5 Qxb5 19. Rac1 Rfc8 20. b3 a5 21. Rfd1 a4 22. Bf1 Qb7 23. b4 a3 24. Rc6 Bb2 25. b5 Ra4 26. Qc2 Rb4 27. Qd2 Rxb5 28. Bxb5 Qxb5 29. Bd4 Qxd5 30. Ra6 Qxa2 31. Bc3 Qc4 32. Bxb2 axb2 0-1


[Site "https://www.chess.com"]

[Event "Titled Tuesday Blitz August 22 Late 2023"]
[White "Xiong, Jeffery"]
[Black "Swicarz, Maciej"]
[WhiteFideId "2047640"]
[BlackFideId "1113585"]
[WhiteElo "2993"]
[BlackElo "2504"]
[Result "1-0"]
[Round "1"]
[TimeControl "180+1"]
[Date "2023.08.22"]
[WhiteClock "0:00:41"]
[BlackClock "0:00:00"]
[Board "22"]

1. e4 c5 2. Nf3 d6 3. Nc3 e5 4. Bc4 a6 5. a4 g6 6. d3 Bg7 7. Ng5 Nh6 8. O-O O-O 9. f4 Nc6 10. f5 gxf5 11. exf5 Bxf5 12. Rxf5 Nxf5 13. Qh5 Nh6 14. Be3 b5 15. Bd5 Nb4 16. Bxa8 Qxa8 17. axb5 Nxc2 18. Rxa6 Qb8 19. Bd2 Nb4 20. Nge4 Nxa6 21. Bxh6 f5 22. Bxg7 Kxg7 23. Ng5 Nb4 24. Qxh7+ Kf6 25. Qh6+ Ke7 26. Qe6+ Kd8 27. Nf7+ Rxf7 28. Qxf7 Qc7 29. Qxf5 Ke7 30. h4 Qd7 31. Qxd7+ Kxd7 32. h5 Nxd3 33. h6 Nf4 34. h7 Ng6 35. Nd5 Ke6 36. b6 1-0


[Site "https://www.chess.com"]